 Dungeon Crawl Stone Soup version 0.20-a0-1006-ge6c5631 (webtiles) character file.

865 FastMan the Cleaver (level 7, -4/64 HPs)
             Began as a Minotaur Berserker on Apr 14, 2017.
             Was a Believer of Trog.
             Slain by Blork the orc
             ... wielding a +0 glaive
              (5 damage)
             ... on level 5 of the Dungeon.
             The game lasted 00:01:47 (2542 turns).

FastMan the Cleaver (Minotaur Berserker)            Turns: 2542, Time: 00:01:48

Health: -4/64      AC:  5    Str: 22    XL:     7   Next: 72%
Magic:  6/6        EV: 17    Int:  4    God:    Trog [**....]
Gold:   173        SH:  0    Dex: 16    Spells: 6/6 levels left

rFire    . . .     SeeInvis .   m - +0 war axe
rCold    . . .     Gourm    .   (no shield)
rNeg     . . .     Faith    .   s - +0 ring mail (curse)
rPois    .         Spirit   .   (helmet restricted)
rElec    .         Reflect  .   (no cloak)
rCorr    .         Harm     .   (no gloves)
MR       ++...                  (no boots)
Stlth    ++........             (no amulet)
Regen    1.2/turn               (no ring)
MPRegen  0.1/turn               (no ring)

@: agile, regenerating, drained
A: retaliatory headbutt, horns 2
a: Berserk, Trog's Hand, Burn Spellbooks, Renounce Religion


You were on level 5 of the Dungeon.
You worshipped Trog.
Trog was pleased with you.
You were near starving.

You visited 1 branch of the dungeon, and saw 5 of its levels.

You collected 173 gold pieces.

Inventory:

Hand Weapons
 a - a +0 hand axe
 m - a +0 war axe (weapon)
Armour
 b - a +0 animal skin
 s - a cursed +0 ring mail (worn)
Scrolls
 d - a scroll of blinking {unknown}
 f - a scroll of magic mapping {unknown}
 g - 2 scrolls of fear {unknown}
 h - 2 scrolls of remove curse {unknown}
 i - a scroll of fog {unknown}
 j - 2 scrolls of identify {unknown}
 k - a scroll of immolation {unknown}
 n - a scroll of enchant armour {unknown}
 p - a scroll of enchant weapon {unknown}
 q - a scroll of teleportation {unknown}
Potions
 e - a potion of resistance {unknown}
 l - a potion of degeneration {unknown}
 r - a potion of agility {@q5}
 t - a potion of curing {unknown}
Comestibles
 c - 5 bread rations {@e1}
 o - a meat ration {@e2}


   Skills:
 + Level 6.9(6.7) Fighting
 * Level 9.4(9.2) Axes
 - Level 2.4(2.2) Armour
 - Level 2.1(2.0) Dodging


You had 6 spell levels left.
You didn't know any spells.

Dungeon Overview and Level Annotations

Branches:
Dungeon (5/15)
 Temple: D:4-7

Altars:
Fedhas

Annotations:
D:5 Blork the orc


Innate Abilities, Weirdness & Mutations

You reflexively headbutt those who attack you in melee.
You have a pair of horns on your head.


Message History

A puff of flame appears from out of thin air!
The puff of flame hits you!
The orc priest calls down the wrath of Beogh upon you.
Beogh smites you!
* * * LOW HITPOINT WARNING * * *
It was a potion of agility.
You feel agile all of a sudden.
Blork the orc hits you from afar with a glaive.
* * * LOW HITPOINT WARNING * * *
You hear some strange, mumbled words.
Something tries to affect you, but you resist.
Unknown command.
Okay, then.
Your skin crawls.
You feel resistant to hostile enchantments.
You feel somewhat more hungry.
Blork the orc hits you from afar with a glaive!
* * * LOW HITPOINT WARNING * * *
Blork the orc hits you from afar with a glaive.
You die...

....# #......... ...#
#......... #+# #..#
#....).... ... #..#
#..)))....
#####.#.#..####......... .
.....#.#.....'......... ..
.....#.#####.........
#.#####o###.#.............
#.......o@.......<###.....
#...)...###.#.##### #.####
#...###.# #.#.# #.# #.#
#.# #.# # .# # #.# #.# ...
.[. #.# #.# #># .. ..#


You could see Blork the orc and an orc priest.

Vanquished Creatures
  The ghost of astralcataclysm the Chiller, a novice MfIE of Gozag (D:5)
  The ghost of hollowman the Conjurer, an amateur DECj (D:4)
  The ghost of SFR the Ogre Mage, an amateur OgWz (D:3)
  A hound (D:4)
  2 orc priests (D:4)
  An iguana (D:4)
  4 orc wizards
  A centaur skeleton (D:4)
  3 adders
  2 adder skeletons (D:4)
  A worm (D:3)
  A leopard gecko (D:2)
  13 orcs
  A giant cockroach (D:4)
  5 goblins
  A hobgoblin (D:3)
  2 jackals (D:1)
  8 kobolds
  3 quokkas
  2 ball pythons
  7 bats
  3 frilled lizards
  4 rats
68 creatures vanquished.

Notes
Turn   | Place    | Note
-------+----------+-------------------------------------------
     0 | D:1      | FastMan the Minotaur Berserker began the quest for the Orb.
     0 | D:1      | Reached XP level 1. HP: 19/19 MP: 0/0
   129 | D:1      | Reached skill level 4 in Axes
   129 | D:1      | Reached XP level 2. HP: 27/27 MP: 1/1
   775 | D:3      | Reached XP level 3. HP: 21/33 MP: 2/2
  1105 | D:3      | Reached skill level 5 in Axes
  1134 | D:3      | HP: 1/33 [poisoned by an adder]
  1457 | D:3      | Noticed SFR's ghost (amateur OgWz)
  1465 | D:3      | Killed SFR's ghost
  1465 | D:3      | Reached skill level 6 in Axes
  1465 | D:3      | Reached XP level 4. HP: 41/41 MP: 3/3
  1465 | D:3      | Reached XP level 5. HP: 47/47 MP: 4/4
  1599 | D:4      | Reached skill level 5 in Fighting
  1653 | D:4      | Reached ** piety under Trog
  1878 | D:4      | Found a blossoming altar of Fedhas.
  2045 | D:4      | Reached skill level 7 in Axes
  2050 | D:4      | Reached XP level 6. HP: 56/56 MP: 5/5
  2156 | D:4      | Noticed hollowman's ghost (amateur DECj)
  2164 | D:4      | Killed hollowman's ghost
  2164 | D:4      | Reached skill level 8 in Axes
  2210 | D:4      | Reached XP level 7. HP: 44/63 MP: 6/6
  2243 | D:5      | Entered Level 5 of the Dungeon
  2243 | D:5      | Noticed astralcataclysm's ghost (novice MfIE)
  2257 | D:5      | Killed astralcataclysm's ghost
  2257 | D:5      | Reached skill level 9 in Axes
  2534 | D:5      | Noticed Blork the orc
  2542 | D:5      | HP: 1/64 [Blork the orc/glaive (9)]
  2542 | D:5      | Slain by Blork the orc

Vault maps used:
D:1:      co_arrival_square_in_a_square_in_a_square
D:2:      marbit_many_paths, first_bread, minmay_pentomino_z4
D:4:      lemuel_doored_altar, kennysheep_potato
D:5:      kennysheep_steamy, dancing_weapons_uskayaw,
          minmay_temple_entry_statues_pillars, uniq_iyjb, uniq_blork_the_orc

Skill      XL: |  1  2  3  4  5  6  7 |
---------------+----------------------+-----
Axes           | 4 6 7 8 9 |  9.4
Fighting       | 4 5 6 |  6.9
Armour         | |  2.4
Dodging        | |  2.1

Action                   |  1- 3 |  4- 6 |  7- 9 || total
-------------------------+-------+-------+-------++-------
Melee: Hand axe          |    68 |     5 |       ||    73
       Headbutt          |     7 |    14 |     2 ||    23
       War axe           |       |    37 |    27 ||    64
Invok: Berserk           |     2 |     4 |     2 ||     8
       Trog's Hand       |       |       |     1 ||     1
  Use: Potion            |       |       |     1 ||     1
 Stab: Sleeping          |     1 |       |       ||     1
  Eat: Chunk             |     3 |     7 |     1 ||    11
Armor: Animal skin       |    10 |     6 |       ||    16
       Ring mail         |       |     1 |     4 ||     5
Dodge: Dodged            |    51 |    29 |     9 ||    89
